General information
- name: BNet
- type: Ladder team game (AT/RT)
- host: Battle.net
- saver: GreatBlinkMicro
map: Friends
- players: 8
- length: 26:03
- speed: Fast
- version: 1.26 W3XP
- replay type: Public
» download(208 KB)
Players
team 1 (winner)
Galax.xy (
yellow | 67 APM | 1519 actions | 22:44)
4 Dreadlord
2 Sleep
2 Vampiric Aura
4 Death Knight
2 Death Coil
2 Unholy Aura
» actions
| Assign group hotkey | 44 | |
| Basic commands | 53 | |
| Build / train | 54 | |
| ESC pressed | 2 | |
| Enter build submenu | 17 | |
| Enter hero's abilities submenu | 8 | |
| Right click | 650 | |
| Select / deselect | 241 | |
| Select group hotkey | 385 | |
| Use ability | 65 | |
1519 total
» units
| Acolyte | 2 | |
| Ghoul | 13 | |
| Abomination | 6 | |
| Gryphon Rider | 3 | |
24 total
» upgrades
| Unholy Armor | 3 | |
| Cannibalize | 1 | |
| Unholy Strength | 3 | |
| Disease Cloud | 1 | |
8 total
» buildings
| Altar of Darkness | 1 | |
| Ziggurat | 6 | |
| Crypt | 1 | |
| Graveyard | 1 | |
| Tomb of Relics | 1 | |
| Nerubian Tower | 1 | |
| Halls of the Dead | 1 | |
| Black Citadel | 1 | |
| Slaughterhouse | 2 | |
| Spirit Tower | 1 | |
| Necropolis | 1 | |
17 total
» build order
00:04 Altar of Darkness
00:06 Ziggurat
00:39 Crypt
01:00 Graveyard
01:20 Ziggurat
01:35 Tomb of Relics
02:50 Ziggurat
03:23 Nerubian Tower
04:52 Halls of the Dead
07:40 Black Citadel
07:58 Slaughterhouse
08:17 Slaughterhouse
08:19 Ziggurat
09:57 Ziggurat
09:58 Ziggurat
14:22 Spirit Tower
16:22 Necropolis
» items
| Rod of Necromancy | 1 | |
| Healing Salve | 2 | |
| Scroll of Speed | 1 | |
| Lesser Clarity Potion | 1 | |
5 total

»
OSAMA_PYLON (
red | 117 APM | 2965 actions | 25:26)
5 Far Seer
2 Feral Spirit
3 Chain Lighting
» actions
| Assign group hotkey | 170 | |
| Basic commands | 310 | |
| Build / train | 55 | |
| ESC pressed | 7 | |
| Enter build submenu | 27 | |
| Enter hero's abilities submenu | 6 | |
| Give item / drop item | 1 | |
| Right click | 1224 | |
| Select / deselect | 581 | |
| Select group hotkey | 422 | |
| Use ability | 162 | |
2965 total
» units
| Peon | 11 | |
| Grunt | 4 | |
| Demolisher | 1 | |
| Wind Rider | 2 | |
| Spirit Walker | 3 | |
| Troll Batrider | 4 | |
| Troll Witch Doctor | 1 | |
26 total
» upgrades
| Spiked Barricades | 1 | |
| Ranged Weapons | 1 | |
| Shaman Training | 2 | |
| Witch Doctor Training | 2 | |
| Spirit Walker Training | 1 | |
| Envenomed Spears | 1 | |
8 total
» buildings
| Altar of Storms | 1 | |
| Orc Burrow | 5 | |
| War Mill | 2 | |
| Barracks | 1 | |
| Voodoo Lounge | 1 | |
| Watch Tower | 11 | |
| Stronghold | 1 | |
| Fortress | 1 | |
| Spirit Lodge | 2 | |
| Beastiary | 2 | |
| Great Hall | 1 | |
28 total
» build order
00:22 Altar of Storms
00:32 Orc Burrow
00:36 War Mill
01:26 Barracks
01:45 Orc Burrow
02:01 Voodoo Lounge
02:32 Watch Tower
03:49 Orc Burrow
04:23 Stronghold
04:44 Orc Burrow
04:47 Watch Tower
05:58 Watch Tower
08:59 War Mill
09:27 Watch Tower
09:27 Watch Tower
09:56 Fortress
10:00 Spirit Lodge
10:01 Spirit Lodge
11:15 Orc Burrow
11:30 Beastiary
11:31 Beastiary
12:17 Watch Tower
12:17 Watch Tower
12:18 Watch Tower
12:51 Watch Tower
12:51 Watch Tower
17:33 Great Hall
19:07 Watch Tower
» items
| Healing Salve | 3 | |
| Lesser Clarity Potion | 3 | |
| Dust of Appearance | 1 | |
| Scroll of Town Portal | 1 | |
| Potion of Healing | 2 | |
10 total

»
Friskyd0ngo (
green | 53 APM | 1374 actions | 26:03)
4 Blademaster
2 Wind Walk
2 Critical Strike
» actions
| Assign group hotkey | 225 | |
| Basic commands | 72 | |
| Build / train | 60 | |
| Enter build submenu | 24 | |
| Enter hero's abilities submenu | 4 | |
| Right click | 487 | |
| Select / deselect | 179 | |
| Select group hotkey | 225 | |
| Use ability | 98 | |
1374 total
» units
| Peon | 7 | |
| Grunt | 7 | |
| Forest Troll Shadow Priest | 1 | |
| Raider | 8 | |
| Goblin Zeppelin | 1 | |
| Shaman | 2 | |
| Troll Witch Doctor | 2 | |
28 total
» upgrades
| Berserker Strength | 1 | |
| Ensnare | 1 | |
| Armor | 1 | |
| Melee Weapons | 1 | |
| Reinforced Defenses | 1 | |
| Berserker Upgrade | 1 | |
| Troll Regeneration | 1 | |
| Witch Doctor Training | 1 | |
| Shaman Training | 1 | |
9 total
» buildings
| Altar of Storms | 1 | |
| Orc Burrow | 4 | |
| Barracks | 2 | |
| Voodoo Lounge | 1 | |
| War Mill | 1 | |
| Stronghold | 1 | |
| Watch Tower | 5 | |
| Fortress | 1 | |
| Beastiary | 2 | |
| Spirit Lodge | 3 | |
| Scout Tower | 3 | |
| Arcane Tower | 2 | |
26 total
» build order
00:25 Altar of Storms
00:36 Orc Burrow
00:53 Barracks
01:40 Voodoo Lounge
01:59 Orc Burrow
02:42 Barracks
02:56 War Mill
04:27 Stronghold
04:50 Watch Tower
04:52 Watch Tower
05:07 Watch Tower
06:12 Orc Burrow
07:55 Fortress
07:59 Beastiary
08:02 Beastiary
11:21 Orc Burrow
11:39 Watch Tower
18:02 Watch Tower
19:25 Spirit Lodge
19:31 Spirit Lodge
19:40 Spirit Lodge
20:44 Scout Tower
20:45 Scout Tower
20:46 Scout Tower
21:43 Arcane Tower
21:52 Arcane Tower
» items
| Healing Salve | 4 | |
| Lesser Clarity Potion | 3 | |
| Scroll of Speed | 1 | |
| Dust of Appearance | 1 | |
| Orb of Lightning | 1 | |
| Scroll of Town Portal | 2 | |
| Potion of Healing | 1 | |
| Tiny Great Hall | 1 | |
14 total
imjustterrific (
blue | 76 APM | 1560 actions | 20:35)
5 Archmage
3 Summon Water Elemental
2 Brilliance Aura
» actions
| Build / train | 71 | |
| Enter build submenu | 31 | |
| Enter hero's abilities submenu | 5 | |
| Right click | 1105 | |
| Select / deselect | 269 | |
| Use ability | 79 | |
1560 total
» units
| Peasant | 11 | |
| Footman | 5 | |
| Forest Troll Berserker | 1 | |
| Ogre Mauler | 1 | |
| Gryphon Rider | 9 | |
| Siege Engine | 1 | |
| Priest | 3 | |
31 total
» upgrades
| Masonry | 1 | |
| Swords | 2 | |
| Armor | 2 | |
| Magic Sentry | 1 | |
| Storm Hammers | 1 | |
| Priest Training | 2 | |
| Sorceress Training | 1 | |
| Gunpowder | 2 | |
| Barrage | 1 | |
| Plating | 1 | |
| Lumber Harvesting | 1 | |
15 total
» buildings
| Altar of Kings | 1 | |
| Farm | 9 | |
| Barracks | 1 | |
| Lumber Mill | 1 | |
| Scout Tower | 10 | |
| Guard Tower | 10 | |
| Keep | 1 | |
| Blacksmith | 1 | |
| Castle | 1 | |
| Gryphon Aviary | 2 | |
| Arcane Sanctum | 2 | |
| Workshop | 1 | |
40 total
» build order
00:05 Altar of Kings
00:26 Farm
00:40 Barracks
01:07 Farm
01:15 Lumber Mill
01:41 Scout Tower
02:06 Farm
02:31 Guard Tower
02:32 Scout Tower
03:01 Guard Tower
03:45 Scout Tower
04:00 Keep
04:14 Farm
04:15 Guard Tower
04:32 Blacksmith
04:53 Farm
05:37 Farm
06:17 Farm
06:34 Scout Tower
06:39 Scout Tower
07:04 Guard Tower
08:00 Guard Tower
08:03 Scout Tower
08:07 Castle
08:11 Gryphon Aviary
08:15 Gryphon Aviary
08:23 Arcane Sanctum
08:55 Farm
08:57 Guard Tower
09:36 Arcane Sanctum
11:30 Farm
11:37 Scout Tower
11:49 Scout Tower
12:24 Scout Tower
12:27 Guard Tower
12:47 Guard Tower
13:21 Guard Tower
14:48 Scout Tower
15:12 Workshop
15:27 Guard Tower
» items
| Healing Salve | 3 | |
| Scroll of Speed | 1 | |
| Orb of Lightning | 2 | |
| Potion of Healing | 1 | |
7 total
team 2 (loser)
legoboy7 (
orange | 39 APM | 1018 actions | 26:03)
4 Warden
2 Fan of Knives
1 Blink
1 Shadow Strike
» actions
| Build / train | 73 | |
| Enter build submenu | 14 | |
| Enter hero's abilities submenu | 4 | |
| Right click | 569 | |
| Select / deselect | 291 | |
| Use ability | 67 | |
1018 total
» units
| Wisp | 22 | |
| Glaive Thrower | 14 | |
| Huntress | 17 | |
53 total
» upgrades
| Strength of the Moon | 3 | |
| Moon Armor | 2 | |
| Ultravision | 1 | |
| Vorpal Blades | 1 | |
| Upgrade Moon Glaive | 1 | |
8 total
» buildings
| Altar of Elders | 1 | |
| Moon Well | 5 | |
| Ancient of War | 3 | |
| Hunter's Hall | 1 | |
| Ancient Protector | 1 | |
| Tree of Ages | 1 | |
| Tree of Eternity | 1 | |
| Tree of Life | 1 | |
14 total
» build order
00:12 Altar of Elders
00:25 Moon Well
01:20 Ancient of War
01:41 Moon Well
02:08 Hunter's Hall
02:32 Moon Well
03:17 Moon Well
04:34 Ancient Protector
08:38 Ancient of War
08:44 Ancient of War
08:52 Tree of Ages
12:05 Moon Well
19:08 Tree of Eternity
21:36 Tree of Life
» items
| Scroll of Town Portal | 2 | |
| Rod of Necromancy | 1 | |
| Potion of Healing | 1 | |
| Scroll of Healing | 1 | |
5 total
jlentz84 (
teal | 33 APM | 850 actions | 26:03)
6 Pit Lord
1 Rain of Fire
3 Howl of Terror
1 Cleaving Attack
1 Doom
5 Dark Ranger
3 Black Arrow
2 Life Drain
» actions
| Build / train | 91 | |
| Enter build submenu | 20 | |
| Enter hero's abilities submenu | 11 | |
| Give item / drop item | 1 | |
| Right click | 374 | |
| Select / deselect | 281 | |
| Use ability | 70 | |
850 total
» units
| Wisp | 21 | |
| Archer | 7 | |
| Druid of the Claw | 22 | |
| Dryad | 15 | |
65 total
» upgrades
| Strength of the Wild | 3 | |
| Druid of the Claw Training | 2 | |
| Abolish Magic | 1 | |
| Mark of the Claw | 1 | |
| Reinforced Hides | 3 | |
10 total
» buildings
| Ancient of War | 1 | |
| Moon Well | 8 | |
| Altar of Elders | 1 | |
| Tree of Ages | 1 | |
| Hunter's Hall | 1 | |
| Ancient of Lore | 3 | |
| Ancient Protector | 1 | |
| Tree of Eternity | 1 | |
| Tree of Life | 1 | |
| Ancient of Wonders | 1 | |
19 total
» build order
00:13 Ancient of War
00:22 Moon Well
01:18 Moon Well
02:01 Altar of Elders
03:26 Moon Well
04:11 Tree of Ages
04:41 Hunter's Hall
06:49 Ancient of Lore
06:55 Ancient of Lore
07:59 Ancient Protector
08:37 Tree of Eternity
09:23 Moon Well
11:08 Tree of Life
11:57 Ancient of Wonders
12:37 Moon Well
13:40 Moon Well
14:28 Ancient of Lore
14:39 Moon Well
15:36 Moon Well
» items
GreatBlinkMicro (
pink | 63 APM | 1635 actions | 26:03)
4 Death Knight
2 Death Coil
2 Unholy Aura
4 Lich
2 Frost Nova
2 Frost Armor
3 Crypt Lord
2 Impale
1 Spiked Carapace
» actions
| Assign group hotkey | 47 | |
| Basic commands | 193 | |
| Build / train | 60 | |
| ESC pressed | 2 | |
| Enter build submenu | 21 | |
| Enter hero's abilities submenu | 11 | |
| Give item / drop item | 1 | |
| Right click | 544 | |
| Select / deselect | 324 | |
| Select group hotkey | 301 | |
| Use ability | 131 | |
1635 total
» units
| Acolyte | 3 | |
| Ghoul | 13 | |
| Obsidian Statue | 6 | |
| Banshee | 10 | |
32 total
» upgrades
» buildings
| Crypt | 2 | |
| Altar of Darkness | 1 | |
| Ziggurat | 7 | |
| Tomb of Relics | 1 | |
| Nerubian Tower | 2 | |
| Graveyard | 2 | |
| Halls of the Dead | 1 | |
| Spirit Tower | 1 | |
| Slaughterhouse | 1 | |
| Temple of the Damned | 3 | |
| Black Citadel | 1 | |
| Great Hall | 1 | |
23 total
» build order
00:06 Crypt
00:12 Crypt
00:13 Altar of Darkness
00:54 Ziggurat
01:07 Tomb of Relics
01:46 Nerubian Tower
01:49 Ziggurat
02:19 Graveyard
02:23 Graveyard
04:09 Halls of the Dead
04:52 Ziggurat
04:54 Ziggurat
05:01 Ziggurat
06:02 Nerubian Tower
06:28 Spirit Tower
07:07 Slaughterhouse
08:11 Temple of the Damned
09:56 Black Citadel
10:54 Temple of the Damned
10:58 Temple of the Damned
14:57 Ziggurat
14:58 Ziggurat
22:31 Great Hall
» items
| Rod of Necromancy | 1 | |
| Dust of Appearance | 1 | |
| Potion of Healing | 4 | |
| Orb of Corruption | 1 | |
7 total

»
GamingBlog_ROFL (
purple | 59 APM | 1532 actions | 26:03)
7 Blademaster
3 Wind Walk
3 Critical Strike
1 Bladestorm
» actions
| Assign group hotkey | 23 | |
| Basic commands | 22 | |
| Build / train | 83 | |
| ESC pressed | 1 | |
| Enter build submenu | 26 | |
| Enter hero's abilities submenu | 7 | |
| Right click | 659 | |
| Select / deselect | 199 | |
| Select group hotkey | 398 | |
| Use ability | 114 | |
1532 total
» units
| Peon | 15 | |
| Troll Batrider | 14 | |
| Troll Witch Doctor | 3 | |
| Shaman | 3 | |
| Wind Rider | 6 | |
41 total
» upgrades
| Ranged Weapons | 3 | |
| Liquid Fire | 1 | |
| Reinforced Defenses | 1 | |
| Spiked Barricades | 1 | |
| Armor | 3 | |
| Witch Doctor Training | 2 | |
| Shaman Training | 2 | |
| Envenomed Spears | 1 | |
14 total
» buildings
| Altar of Storms | 1 | |
| Orc Burrow | 8 | |
| Voodoo Lounge | 1 | |
| War Mill | 1 | |
| Stronghold | 1 | |
| Watch Tower | 8 | |
| Beastiary | 3 | |
| Fortress | 1 | |
| Spirit Lodge | 2 | |
26 total
» build order
00:07 Altar of Storms
00:20 Orc Burrow
00:51 Voodoo Lounge
01:18 War Mill
02:44 Stronghold
02:47 Watch Tower
03:16 Watch Tower
03:19 Watch Tower
05:08 Beastiary
05:10 Beastiary
05:55 Fortress
06:12 Orc Burrow
06:16 Orc Burrow
08:34 Orc Burrow
15:06 Watch Tower
15:06 Watch Tower
15:06 Watch Tower
15:08 Watch Tower
15:13 Watch Tower
16:49 Beastiary
16:52 Spirit Lodge
16:53 Spirit Lodge
16:58 Orc Burrow
21:37 Orc Burrow
21:37 Orc Burrow
21:41 Orc Burrow
» items
| Healing Salve | 2 | |
| Lesser Clarity Potion | 9 | |
| Scroll of Speed | 4 | |
| Scroll of Town Portal | 1 | |
| Orb of Lightning | 1 | |
| Tiny Great Hall | 1 | |
18 total
Chat log
(00:11 / All) Friskyd0ngo: sweet im on the winning team
(00:12 / All) GamingBlog_ROFL: its panda'd on WCR
(00:14 / All) OSAMA_PYLON: HOW MUCH FOR THE LITTLE GIRL?
(00:14 / All) GamingBlog_ROFL: check for it
(00:17 / All) OSAMA_PYLON: Okay.
(00:25 / All) GamingBlog_ROFL: entire semis/finals is on there
(00:28 / All) GamingBlog_ROFL: but dont watch finals
(00:31 / All) GamingBlog_ROFL: i got elf'd hard
(00:32 / All) GamingBlog_ROFL: lol
(00:41 / All) OSAMA_PYLON: Sucks to hear.
(00:43 / All) Friskyd0ngo: lol elf
(00:46 / All) legoboy7: that's what we elfs do
(00:48 / All) legoboy7: hard
(00:50 / All) GreatBlinkMicro: yeah elves seem to be winning lots lately
(00:53 / All) GamingBlog_ROFL: shut the fuck up
(00:55 / All) OSAMA_PYLON: I watched some Top Replays on WCR the other day and they were just fantastic.
(00:55 / All) GreatBlinkMicro: So i've heard
(01:00 / All) Friskyd0ngo: hey ghetto i heard you were a nazi mod?
(01:02 / All) GreatBlinkMicro: yeah
(01:05 / All) OSAMA_PYLON: I am.
(01:09 / All) Friskyd0ngo: FUCKING NAZI MOD WONT LET ME DISCUSS WHY HITLER WAS RIGHT
(01:13 / All) OSAMA_PYLON: Haha, yeah.
(01:26 / All) GamingBlog_ROFL: why do u have to approve every comment
(01:30 / All) GamingBlog_ROFL: turned me off from posting
(01:35 / All) OSAMA_PYLON: Because that's for guests, stupid.
(01:39 / All) GreatBlinkMicro: Lol
(01:43 / All) Friskyd0ngo: lol
(01:46 / All) GamingBlog_ROFL: fuck you i dont make accounts
(01:51 / All) Friskyd0ngo: noob
(01:52 / All) OSAMA_PYLON: For the love of Christ.
(02:02 / All) GamingBlog_ROFL: i get my manager to make accs for me on all the league sites
(02:06 / All) GamingBlog_ROFL: it feels like beating the system
(02:06 / All) OSAMA_PYLON: lol
(02:09 / All) GamingBlog_ROFL: fuck you and your accounts
(02:14 / All) OSAMA_PYLON: The way you describe that makes me laugh.
(02:21 / All) GamingBlog_ROFL: )
(02:21 / All) Friskyd0ngo: you made an account on my site :)
(02:30 / All) GamingBlog_ROFL: if theres no email bullshit
(02:31 / All) GamingBlog_ROFL: its fine
(02:40 / All) GamingBlog_ROFL: suppers blue
(02:46 / All) OSAMA_PYLON: STFU PINK
(03:06 / All) OSAMA_PYLON: WTF HOW DID YOUR ACO REGAIN HIS HEALTH
(03:10 / All) GreatBlinkMicro: hack ^^
(03:19 / All) OSAMA_PYLON: Fuck it, Random Teamers are always the easier target.
(03:40 / All) GamingBlog_ROFL: out
(03:53 / All) GamingBlog_ROFL: FUCK YOU
(03:53 / All) imjustterrific: i win
(03:55 / All) GreatBlinkMicro: fuck this patch
(03:56 / All) OSAMA_PYLON: Reported.
(03:57 / All) GreatBlinkMicro: FAR SEERS IMBA NOW
(04:03 / All) GamingBlog_ROFL: THIS IS WHY SC2 > WC3
(04:11 / All) GamingBlog_ROFL: btw why the fuck dont you amerikan faggots play sc2
(04:18 / All) GamingBlog_ROFL: this anime RPG cartoon from 2010 is dead
(04:20 / All) OSAMA_PYLON: We don't like thinking games.
(04:21 / All) GamingBlog_ROFL: MOVE THE FUCK ON
(04:23 / Allies) legoboy7: because it sucks
(04:29 / All) GamingBlog_ROFL: 2002*
(04:31 / Allies) GreatBlinkMicro: please stop following
(04:32 / All) GamingBlog_ROFL: TEN YEARS OLD
(04:33 / All) GamingBlog_ROFL: LMAO
(04:34 / Allies) GreatBlinkMicro: it makes you look stupid
(04:35 / All) OSAMA_PYLON: Call of Duty is a better strategy game than StarCraft II.
(04:52 / All) OSAMA_PYLON: Prove me wrong.
(05:10 / Allies) legoboy7: help
(05:15 / Allies) GreatBlinkMicro: fuck sakes
(05:43 / Allies) legoboy7: help
(06:44 / All) OSAMA_PYLON: Maphacker.
(06:52 / All) GamingBlog_ROFL: suppers
(07:20 / All) GreatBlinkMicro: damnit orange
(07:22 / All) GamingBlog_ROFL: lol
(07:22 / All) GreatBlinkMicro: tell me when you're attackin
(07:25 / All) GamingBlog_ROFL: aze delay
(07:30 / All) GreatBlinkMicro: so i don't have to chase after you like a retarded child
(07:35 / All) OSAMA_PYLON: Owned.
(07:48 / All) GamingBlog_ROFL: why am i batmastering on a map with no shop
(08:01 / All) OSAMA_PYLON: Did I say "Owned?"
(08:06 / All) OSAMA_PYLON: I meant "Dominated like the fucking child you are."
(08:46 / Allies) legoboy7: lumber?
(09:07 / All) GamingBlog_ROFL: blue
(09:09 / All) OSAMA_PYLON: If you attack my base again, I am reporting you to the mods.
(09:10 / All) GamingBlog_ROFL: cool it with the towers
(09:11 / All) OSAMA_PYLON: No joke this time.
(09:41 / Allies) legoboy7: out
(10:11 / All) OSAMA_PYLON: Orange is not helping you at all.
(10:19 / All) OSAMA_PYLON: No offense.
(10:20 / All) GreatBlinkMicro: What are you talking about?
(10:30 / All) GreatBlinkMicro: His "glaive thrower push with a level 1 warden" strategy is genious
(10:40 / All) OSAMA_PYLON: I saw it done at MLG Columbus today.
(10:42 / All) OSAMA_PYLON: For StarCraft II.
(10:48 / All) GreatBlinkMicro: heh
(11:10 / All) GreatBlinkMicro: oh that was sneaky
(11:12 / All) GamingBlog_ROFL: i got lvl 3 off of harass only
(11:14 / All) GamingBlog_ROFL: feel bad nerds
(11:17 / All) OSAMA_PYLON: Sneaky like a FOX.
(11:18 / All) imjustterrific: purple
(11:20 / All) imjustterrific: rofl
(11:33 / All) GamingBlog_ROFL: what nerd?
(12:05 / All) OSAMA_PYLON: Purple is a Top 50 player in Rhode Island.
(12:07 / All) OSAMA_PYLON: Be careful.
(12:21 / All) GamingBlog_ROFL: dumbufkc amerikants
(12:25 / All) GamingBlog_ROFL: ur so bad at RTS
(12:29 / All) GreatBlinkMicro: i'm amazed that orange is able to keep his resources so low
(12:31 / All) GamingBlog_ROFL: even RPG cartoon RTS
(12:40 / All) GreatBlinkMicro: there must be seven hunts/glaives queued up in that exactly one production building
(13:43 / All) OSAMA_PYLON: I like how my hero died when it got to zero health.
(13:51 / All) OSAMA_PYLON: You're not even hiding it, orange.
(14:09 / All) GreatBlinkMicro: AT LEAST HE"S NOT A NAZI MOD LOL
(14:27 / All) GreatBlinkMicro: please build a shop orange
(14:28 / All) GamingBlog_ROFL: hes trying to repair lol
(15:20 / All) OSAMA_PYLON: Step one: Announce you're going Batmaser.
(15:23 / All) OSAMA_PYLON: Step two: Go Batmaster.
(15:26 / All) OSAMA_PYLON: Step three: Dominate.
(15:28 / All) GamingBlog_ROFL: :D
(15:53 / Allies) legoboy7: hit?
(15:56 / Allies) GreatBlinkMicro: well yeah
(16:07 / All) GamingBlog_ROFL: is blue really making 500 towers
(16:10 / All) GamingBlog_ROFL: on one base
(16:12 / Allies) legoboy7: gogo
(16:17 / All) OSAMA_PYLON: Is this a problem?
(16:24 / All) GamingBlog_ROFL: not
(16:28 / All) GamingBlog_ROFL: fucking
(16:28 / All) OSAMA_PYLON: Nice job.
(16:29 / All) GamingBlog_ROFL: aze delay
(16:32 / All) GamingBlog_ROFL: i was typing
(16:33 / All) imjustterrific: lol
(16:34 / All) OSAMA_PYLON: YOU WERE TYPING
(16:35 / All) OSAMA_PYLON: WHAT
(16:35 / All) OSAMA_PYLON: THE
(16:36 / All) OSAMA_PYLON: FUCK
(16:36 / All) GamingBlog_ROFL: but died
(16:37 / All) OSAMA_PYLON: FLAMES
(16:40 / All) imjustterrific: YOU WERE TYPING
(17:14 / All) OSAMA_PYLON: Get out of my base.
(17:16 / All) OSAMA_PYLON: OR IM REPORTING YOU
(17:21 / All) GreatBlinkMicro: MAK ME :P
(17:45 / All) OSAMA_PYLON: IM ON THE PHONE WITH BLIZZARD RIGHT NOW
(17:47 / All) OSAMA_PYLON: LEAVE
(18:00 / Allies) GamingBlog_ROFL: wood plz
(18:11 / All) GamingBlog_ROFL: WOOD PLZ
(18:12 / All) GamingBlog_ROFL: GUYS
(18:26 / All) GamingBlog_ROFL: pink u at 1k wood
(18:30 / All) GamingBlog_ROFL: toss some ol' flamies way
(18:56 / All) GamingBlog_ROFL: i hate my team
(19:05 / All) imjustterrific: your team hates you
(19:05 / All) OSAMA_PYLON: lol
(19:12 / All) GamingBlog_ROFL: shut up faggit
(19:17 / All) GamingBlog_ROFL: i carried this nerdteam
(19:23 / All) imjustterrific: because you are rude and have a boring personality
(19:32 / All) OSAMA_PYLON: I wouldn't say he's boring.
(19:34 / All) GamingBlog_ROFL: so does your mom
(19:53 / All) OSAMA_PYLON: By the way, I had to hang up the phone.
(20:03 / All) OSAMA_PYLON: World of Warcraft support line doesn't ban people from Warcraft III.
(20:05 / All) GamingBlog_ROFL: WOOD ME DAGWS
(20:16 / All) GreatBlinkMicro: I've never really used ams before
(20:19 / All) GreatBlinkMicro: i kinda like it
(20:25 / All) OSAMA_PYLON: Works in threes big-time.
(20:26 / Allies) GamingBlog_ROFL: pies
(20:27 / Allies) GamingBlog_ROFL: wood
(20:29 / Allies) GamingBlog_ROFL: or whoever pink is
(20:33 / All) OSAMA_PYLON: Shreds AoE-oriented builds.
(20:37 / Allies) GreatBlinkMicro: sorry bout the delay
(20:43 / All) GreatBlinkMicro: Yeah
(20:43 / All) OSAMA_PYLON: Why did he leave?
(20:47 / All) legoboy7: red didn't help you guys much
(20:48 / All) OSAMA_PYLON: Oh, me and yellow are dead.
(20:52 / All) GreatBlinkMicro: for some reason never really bothered with it
(20:54 / All) GreatBlinkMicro: Before now
(20:58 / All) legoboy7: no offense
(21:02 / All) GreatBlinkMicro: i guess that's why my heroes didn't die
(21:12 / All) OSAMA_PYLON: Oh boy.
(21:16 / All) OSAMA_PYLON: He mad.
(21:21 / All) OSAMA_PYLON: He "682-706" mad.
(21:24 / All) legoboy7: its ok
(21:27 / All) legoboy7: i play better mad
(21:27 / All) GreatBlinkMicro: lol
(21:37 / All) OSAMA_PYLON: You don't play very good no matter what you are.
(21:38 / All) OSAMA_PYLON: Sorry.
(21:43 / All) legoboy7: beat you though
(21:48 / All) legoboy7: so that make you worse
(21:49 / All) legoboy7: lol
(21:53 / All) GamingBlog_ROFL: 1v1?
(21:57 / All) OSAMA_PYLON: Yes, Four vs. Four Random Team is the ultimate test of skill.
(21:57 / All) GamingBlog_ROFL: ONE VERSUS FUCKING ONE?
(22:01 / All) GamingBlog_ROFL: I WILL BEAT ANYONE HERE IN 1V1
(22:08 / All) GamingBlog_ROFL: I WILL EVEN HAVE 80% HANDICAP
(22:08 / All) OSAMA_PYLON: And by the way, in case you didn't notice, you have one of the ten best players in Sweden on your team.
(22:17 / All) GamingBlog_ROFL: ghetto
(22:17 / All) OSAMA_PYLON: Do not piggyback him, please.
(22:19 / All) GamingBlog_ROFL: ive said it before
(22:20 / All) GreatBlinkMicro: GOT YO PEONS
(22:21 / All) GamingBlog_ROFL: but i love you
(22:22 / All) GreatBlinkMicro: NAZI GHETTO
(22:25 / All) legoboy7: no i've never been to Sweden
(22:27 / All) Friskyd0ngo: LOL SWEDEN GO TO A REAL DEMOCRACY YOU FUCKING NOOB
(22:31 / All) OSAMA_PYLON: Do you know where it is on a mpa?
(22:33 / All) OSAMA_PYLON: map*
(22:50 / All) Friskyd0ngo: YOURE SUPPOSED TO BE PRO
(22:58 / All) OSAMA_PYLON: Dude, Starshaped rocks my shit.
(23:02 / All) OSAMA_PYLON: I just talk with big words.
(23:05 / All) OSAMA_PYLON: That doesn't mean I make big plays.
(23:09 / All) legoboy7: not really
(23:14 / All) OSAMA_PYLON: HE MAD, BRO.
(23:17 / All) OSAMA_PYLON: 682-706 MAD, BRO.
(23:33 / All) OSAMA_PYLON: By the way Starshaped, is Sweden taking any immigrants right now?
(23:39 / All) OSAMA_PYLON: I look Muslim, so...is that a problem still?
(23:51 / All) GamingBlog_ROFL: lords know amerika aint
(23:56 / All) OSAMA_PYLON: Lol.
(24:07 / All) OSAMA_PYLON: Artosis: What an incredible move by the human player to keel over and die!
(24:21 / All) GreatBlinkMicro: heh
(24:26 / All) OSAMA_PYLON: Another?
(24:45 / All) legoboy7: easiest game ever
(24:47 / All) OSAMA_PYLON: That scroll was just overkill.
(24:49 / All) GreatBlinkMicro: lol
(24:51 / All) GamingBlog_ROFL: lol
(24:52 / All) OSAMA_PYLON: YOU'RE PLAYING WITH A SWEDISH SEMI-PRO
(24:53 / All) OSAMA_PYLON: SHUT
(24:53 / All) OSAMA_PYLON: THE
(24:54 / All) OSAMA_PYLON: FUCK
(24:55 / All) OSAMA_PYLON: UP
(24:55 / All) OSAMA_PYLON: HOLY
(24:56 / All) OSAMA_PYLON: SHIT
(24:58 / All) GreatBlinkMicro: hahaha
(24:59 / All) GamingBlog_ROFL: nono
(25:01 / All) GamingBlog_ROFL: it was orange
(25:03 / All) legoboy7: lol
(25:04 / All) GamingBlog_ROFL: it was all orange
(25:05 / All) legoboy7: he's mad
(25:08 / All) Friskyd0ngo: lol at "semi pro"
(25:10 / All) Friskyd0ngo: such an insult
(25:13 / All) legoboy7: thank ya
(25:21 / All) OSAMA_PYLON: Go search again, orange.
(25:25 / All) OSAMA_PYLON: We'll be doing the same in three minutes.
(25:45 / All) legoboy7: cumming for you red
(25:48 / All) legoboy7: lol
(25:57 / All) GreatBlinkMicro: k well
(26:02 / All) GreatBlinkMicro: have fun nerds